AoeStats
← WENDIGO

Arabia

510224271Analyzed
1v1 RM · 15h ago on Sep 30, 2026· 53m 4s· 2 players
Game mode
Random Map
Map size
Tiny (2 player)
Population
200
Speed
Normal
Resources
Standard
Victory
Conquest
Starting age
Dark Age
Ending age
Imperial Age
RankedLock teamsTeams togetherTeam positionsShared explorationLock speedFull tech treeHidden civsTurbo modeCheats
Victory
Defeat
🇲🇽 Bohemians · Mexico
809
+15
🇮🇳 Dravidians · India
788
-38
NovelAcorn8809
2:29 Loom
18:22 Feudal Age
20:35 Wheelbarrow
19:58 Arson
19:34 Man-at-Arms
28:56 Castle Age
27:21 Town Watch
30:51 Squires
30:39 Gambesons
30:17 Pikeman
30:20 Long Swordsman
30:26 Crossbowman
32:02 Husbandry
36:48 Medical Corps
38:23 Forging
40:48 Hand Cart
45:17 Iron Casting
44:45 Scale Mail Armor
45:40 Devotion
46:36 Thumb Ring
46:56 Elite Skirmisher
WENDIGO
5:03 Loom
10:36 Feudal Age
11:57 Horse Collar
12:03 Double-Bit Axe
13:30 Wheelbarrow
16:06 Town Watch
16:14 Town Watch
16:44 Padded Archer Armor
19:21 Castle Age
18:07 Fletching
20:24 Bow Saw
20:49 Fervor
20:24 Pikeman
22:00 Sanctity
22:48 Bodkin Arrow
23:20 Hand Cart
24:11 Town Patrol
29:52 Imperial Age
28:12 Heavy Plow
29:14 Squires
29:35 Leather Archer Armor
30:25 Redemption
30:51 Hussite Reforms
31:54 Block Printing
33:14 Theocracy
34:01 Illumination
35:40 Conscription
36:24 Wagenburg Tactics
37:18 Elite Hussite Wagon
38:27 Bracer
40:54 Chemistry
40:04 Siege Engineers
41:03 Ballistics
43:18 Ring Archer Armor
44:29 Two-Man Saw
42:56 Crossbowman
46:12 Chemistry
44:46 Arbalester
Connection lost

Rejoining the realm…

Still unreachable

The connection could not be restored.

Session expired

The server has moved on; the page needs a fresh start.